 Dungeon Crawl Stone Soup version 0.26-a0-597-gb535b0901c (webtiles) character file.

Game seed: 3746718059692611777

(classic levelgen) 14823 EnegeticOcto the Cleaver (level 11, 54/102 HPs)
             Began as a Deep Dwarf Fighter on Aug 29, 2020.
             Was a High Priest of Makhleb.
             Quit the game on level 1 of the Orcish Mines.
             The game lasted 00:06:32 (7407 turns).

EnegeticOcto the Cleaver (Deep Dwarf Fighter)       Turns: 7407, Time: 00:06:33

Health: 54/102     AC: 21    Str: 27    XL:     11   Next: 93%
Magic:  0/0        EV:  6    Int:  9    God:    Makhleb [*****.]
Gold:   612        SH: 12    Dex: 12    Spells: 10/10 levels left

rFire    + . .     SeeInvis .   a - +1 war axe (flame)
rCold    + . .     Faith    +   c - +0 kite shield
rNeg     . . .     Spirit   .   H - +0 plate armour of Failure {Regen+ Str+4}
rPois    .         Reflect  .   (no helmet)
rElec    .         Harm     .   m - scarf {rC+ rF+}
rCorr    .                      (no gloves)
MR       ++...                  u - +2 pair of boots
Stlth    ..........             r - amulet of faith
HPRegen  0.00/turn              x - ring of protection from magic
MPRegen  0.07/turn              f - +4 ring of protection

@: non-regenerating
A: damage resistance, heal wounds, sense surroundings 2, no regeneration
a: Heal Wounds, Minor Destruction, Lesser Servant of Makhleb, Major Destruction,
Greater Servant of Makhleb, Renounce Religion


You were on level 1 of the Orcish Mines.
You worshipped Makhleb.
Makhleb was extremely pleased with you.
You visited 3 branches of the dungeon, and saw 15 of its levels.

You collected 981 gold pieces.
You spent 369 gold pieces at shops.

Inventory:

Hand Weapons
 a - a +1 war axe of flaming (weapon)
Missiles
 o - 2 throwing nets (quivered)
Armour
 c - a +0 kite shield (worn)
 m - a scarf of resistance (worn)
 u - a +2 pair of boots (worn)
 H - the +0 plate armour of Failure (worn) {Regen+ Str+4}
   (You found it on level 9 of the Dungeon)

   It affects your strength (+4).
   It increases your rate of regeneration.
Jewellery
 f - a +4 ring of protection (right hand)
 q - an uncursed ring of protection from fire
 r - an amulet of faith (around neck)
 x - a ring of protection from magic (left hand)
Wands
 p - a wand of disintegration (17)
 t - a wand of digging (10) {@v3}
 z - a wand of polymorph (10)
Scrolls
 s - a scroll of teleportation {@r3}
 w - a scroll of immolation {@r4}
 y - 5 scrolls of magic mapping {@r5}
 A - 2 scrolls of enchant armour
 C - a scroll of silence
 G - 6 scrolls of remove curse {@r2}
 K - a scroll of brand weapon
Potions
 b - 3 potions of stabbing {@q5}
 d - 2 potions of might {@q3}
 e - a potion of berserk rage
 g - a potion of magic
 h - 6 potions of haste {@q4}
 i - 3 potions of lignification {@q7}
 j - 2 potions of curing {@q1}
 k - a potion of flight {unknown}
 l - a potion of invisibility {unknown}
 n - 4 potions of mutation {unknown}
 v - 2 potions of brilliance {unknown}
 D - 2 potions of cancellation {unknown}
Miscellaneous
 E - a condenser vane (inert)


   Skills:
 + Level 7.7 Fighting
 * Level 12.0 Axes
 + Level 9.3 Armour
 + Level 9.2 Shields
 + Level 9.3 Invocations
 + Level 6.2 Evocations


You had 10 spell levels left.
You didn't know any spells.
Your spell library was empty.

Dungeon Overview and Level Annotations

Branches:
Dungeon (12/15)            Temple (1/1) D:4            Lair (0/6) D:8
    Orc (2/2) D:10
    Elf: Orc:2

Altars:
Ashenzari
Cheibriados
Dithmenos
Elyvilon
Fedhas
Gozag
Hepliaklqana
Makhleb
Nemelex Xobeh
Okawaru
Qazlal
Ru
Sif Muna
Trog
Uskayaw
Vehumet
Wu Jian
Xom
Zin
The Shining One

Shops:
D:6 *   D:7 *   D:8 }

Annotations:
D:4 2 transporters, GordonOverkill's ghost, amateur PaFi
D:5 1 runed translucent door, Crazy Yiuf


Innate Abilities, Weirdness & Mutations

You are resistant to damage.
You can heal yourself by infusing magical energy.
You passively map the area around you.
You do not regenerate.


Message History

Makhleb accepts your kill.
You closely miss something. Something hits you but does no damage.
Your smoke demon barely misses the orc priest.
Your smoke demon hits the orc priest.
Your smoke demon barely misses the orc priest.
Something hits you but does no damage.
You hit the orc priest. You burn the orc priest.
The orc priest is heavily wounded.
You closely miss something.
The orc priest looks braver for a moment.
An orc comes into view. It is wielding a +0 falchion.
You block something's attack.
An orc comes into view. It is wielding a +0 flail.
Your smoke demon closely misses the orc priest.
Your smoke demon hits the orc priest.
Your smoke demon barely misses the orc priest.
An orc comes into view. It is wielding a +0 whip.
Your neqoxec completely misses the orc priest.
The orc hits your smoke demon but does no damage.
An orc comes into view. It is wielding a +0 hand axe.
The orc priest hits you but does no damage.
You slash the orc priest! You burn the orc priest.
You kill the orc priest!
Makhleb accepts your kill.
You feel better.
You miss something.
Your smoke demon completely misses the orc.
Your smoke demon hits the orc.
Your smoke demon closely misses the orc.
The orc hits your smoke demon with a +0 falchion.
Something hits you but does no damage.
You barely miss the orc.
The orc is heavily wounded.
You closely miss something.
An orc warrior comes into view. It is wielding a +0 halberd.
You block the orc's attack.
You hear some strange, mumbled words.
A puff of frost appears from out of thin air!
The puff of frost hits you. You resist.
Your smoke demon barely misses the orc.
Your smoke demon closely misses the orc.
Your smoke demon hits the orc but does no damage.
Your neqoxec hits the orc!
The orc dies!
Makhleb accepts your kill.
An orc wizard comes into view. It is wielding a +0 dagger.
The orc hits your smoke demon with a +0 falchion!
The orc warlord hits you with a +2 great sword of electrocution!!!
Your smoke demon barely misses the orc.
Your smoke demon closely misses the orc.
Your smoke demon hits the orc.
You block something's attack.
You hear a shout! x3
Items here: )) [ †††.
You miss something.
You hit the orc warlord but do no damage.
You closely miss the orc priest.
The orc priest hits you but does no damage.
Something hits you but does no damage.
The orc warlord hits you with a +2 great sword of electrocution.
* * * LOW HITPOINT WARNING * * *
You are electrocuted!
* * * LOW HITPOINT WARNING * * *
Your smoke demon gestures at the orc.
The sticky flame hits the orc!
The orc dies!
Makhleb accepts your kill.
An orc knight comes into view. It is wielding a +0 great sword.
Your magical essence is drained by the effort!
You feel much better. Something hits you but does no damage.
An orc wizard comes into view. It is wielding a +0 dagger.
The orc priest hits you.
The orc warlord hits you with a +2 great sword of electrocution.
You are electrocuted!
The orc closely misses your smoke demon.
Something completely misses you.
The orc no longer looks unusually strong.
Something hits you.
The orc warlord roars a battlecry!
The orc goes into a battle-frenzy!
You hear a shout!
The orc no longer looks unusually strong.
Something hits you but does no damage.
Your smoke demon closely misses something.
Your smoke demon hits something.
Your smoke demon barely misses something.
Your neqoxec hits something! Makhleb accepts your kill.
Reactivating autopickup.
You feel a bit more experienced.
The orc hits your smoke demon with a +0 mace.
The orc warlord hits your smoke demon with a +2 great sword of electrocution!!!
Lightning courses through your smoke demon!
Your smoke demon dies!
Your magical essence is drained by the effort!
You feel much better.
Your neqoxec hits the orc.
The orc knight roars a battlecry!
Your neqoxec hits the orc knight!
The orc hits your neqoxec but does no damage.
There is a stone staircase leading up, spattered with blood here.
You climb upwards.
There is a stone staircase leading down here.
Are you sure you want to abandon this character and quit the game? (Confirm with "yes".)

##..#.###.....#.....#
########..........###
##.#..........###.##
####..............#...####
##..##.#.......#.)##[.#.##.
#.....##......##.)[).[..[).
##...........####..#<##.##.
###..........###)..######.
##........@....#...[### #..
##..............##..#..####.
#.....#.................####
##....#................#.###
#.........................#
##.........................
#.....................##.#
#......................###
##..................#.##


There were no monsters in sight!

Vanquished Creatures
  Snorg (D:11)
  Harold (D:11)
  2 two-headed ogres
  An orc high priest (Orc:1)
  Pikel (D:6)
  An ugly thing (D:11)
  4 trolls
  Prince Ribbit (D:5)
  4 hippogriffs
  A wyvern (D:8)
  A vampire (D:10)
  14 yaks
  Grum (D:11)
  3 wargs
  Edmund (D:6)
  Duvessa (D:6)
  A water moccasin (D:8)
  4 sky beasts
  11 orc warriors
  2 ice beasts
  A black bear (D:8)
  3 ogres
  5 phantoms
  5 centaurs
  4 wolves (D:11)
  A lemure (D:6)
  3 bullfrogs
  Blork the orc (D:5)
  A water moccasin zombie (D:6)
  Dowan (D:6)
  A scorpion (D:5)
  4 killer bees (D:10)
  3 wights (D:8)
  2 howler monkeys
  A bullfrog zombie (D:5)
  A centaur zombie (D:11)
  A quasit (D:9)
  A bullfrog skeleton (D:7)
  5 hounds
  11 orc wizards
  7 orc priests
  A jelly (D:11)
  3 centaur skeletons
  Jessica (D:2)
  3 iguanas
  5 worker ants
  A killer bee zombie (D:10)
  A hound skeleton (D:5)
  8 adders
  2 white imps
  An ooze (D:4)
  An adder zombie (D:5)
  3 adder skeletons
  A dart slug (D:2)
  4 worms
  2 leopard geckos
  33 orcs
  A ball python (D:4)
  2 giant cockroaches
  2 goblins
  4 hobgoblins
  2 jackals (D:2)
  3 kobolds
  4 quokkas
  3 bats (D:1)
  2 frilled lizards
  A leopard gecko skeleton (D:4)
  A quokka skeleton (D:4)
  2 rats (D:1)
215 creatures vanquished.

Vanquished Creatures (collateral kills)
  An orc high priest (Orc:2)
  An orc wizard (Orc:2)
  2 orcs (Orc:2)
4 creatures vanquished.

Grand Total: 219 creatures vanquished

Notes
Turn   | Place    | Note
-------+----------+-------------------------------------------
     0 | D:1      | EnegeticOcto the Deep Dwarf Fighter began the quest for the
                  | Orb.
     0 | D:1      | Reached XP level 1. HP: 20/20 MP: 1/1
   128 | D:1      | Reached XP level 2. HP: 27/27 MP: 2/2
   202 | D:2      | Noticed Jessica
   218 | D:2      | Killed Jessica
   218 | D:2      | Reached skill level 3 in Axes
   218 | D:2      | Reached XP level 3. HP: 26/34 MP: 3/3
   407 | D:4      | Found a transporter.
   532 | D:4      | Reached XP level 4. HP: 37/42 MP: 3/3
   733 | D:4      | Reached skill level 4 in Axes
   746 | D:4      | Reached XP level 5. HP: 42/49 MP: 4/4
   838 | D:4      | Found a transporter.
   838 | D:4      | Noticed GordonOverkill's ghost (amateur PaFi)
   861 | D:4      | Noticed a phantom
   981 | D:4      | Reached XP level 6. HP: 32/56 MP: 4/4
  1009 | D:4      | Found a staircase to the Ecumenical Temple.
  1176 | D:4      | Reached skill level 5 in Axes
  1190 | Temple   | Entered the Ecumenical Temple
  1256 | Temple   | Became a worshipper of Makhleb the Destroyer
  1400 | D:4      | Found a sparkling altar of Nemelex Xobeh.
  1560 | D:5      | Entered Level 5 of the Dungeon
  1698 | D:5      | Found a runed translucent door.
  1699 | D:5      | Noticed Crazy Yiuf
  1726 | D:5      | Noticed Prince Ribbit
  1743 | D:5      | Noticed an ice beast
  1765 | D:5      | Killed an ice beast
  1765 | D:5      | Reached skill level 1 in Invocations
  1765 | D:5      | Reached XP level 7. HP: 39/64 MP: 3/5
  1894 | D:5      | Killed Prince Ribbit
  1894 | D:5      | Reached skill level 6 in Axes
  1894 | D:5      | Reached skill level 5 in Armour
  1894 | D:5      | Reached skill level 5 in Shields
  2183 | D:5      | Noticed Blork the orc
  2194 | D:5      | Killed Blork the orc
  2310 | D:5      | Found a blossoming altar of Fedhas.
  2331 | D:5      | Reached XP level 8. HP: 33/73 MP: 5/5
  2767 | D:6      | Noticed Pikel
  2795 | D:6      | Killed Pikel
  2795 | D:6      | Reached skill level 7 in Axes
  2817 | D:6      | Reached skill level 5 in Fighting
  2830 | D:6      | Found Luc Panaff's General Store.
  2909 | D:6      | Bought a scroll of immolation for 49 gold pieces
  2914 | D:6      | Noticed Edmund
  2934 | D:6      | Killed Edmund
  2934 | D:6      | Reached * piety under Makhleb
  2993 | D:6      | Noticed Duvessa
  2994 | D:6      | Reached skill level 8 in Axes
  2994 | D:6      | Gained mutation: You passively map the area around you.
                  | [Deep Dwarf growth]
  2994 | D:6      | Reached XP level 9. HP: 67/81 MP: 5/5
  2996 | D:6      | Noticed Dowan
  3010 | D:6      | Killed Duvessa
  3022 | D:6      | Killed Dowan
  3022 | D:6      | Reached skill level 5 in Invocations
  3137 | D:6      | Noticed a two-headed ogre
  3161 | D:6      | Killed a two-headed ogre
  3174 | D:6      | Found a white marble altar of Elyvilon.
  3474 | D:6      | Found a shimmering blue altar of Sif Muna.
  3489 | D:6      | Reached skill level 9 in Axes
  3615 | D:7      | Found a shimmering altar of Xom.
  3667 | D:7      | Found a shimmering altar of Xom.
  3668 | D:7      | Found a shimmering altar of Xom.
  3669 | D:7      | Found a shimmering altar of Xom.
  3669 | D:7      | Found a shimmering altar of Xom.
  3803 | D:7      | Found Zuhu's General Store.
  4131 | D:8      | Found a hide-covered altar of Uskayaw.
  4202 | D:8      | Reached ** piety under Makhleb
  4253 | D:8      | Found a staircase to the Lair.
  4256 | D:8      | Found an iron altar of Okawaru.
  4257 | D:8      | Found a sacrificial altar of Ru.
  4268 | D:8      | Reached XP level 10. HP: 83/91 MP: 3/3
  4362 | D:8      | Found an ornate altar of the Wu Jian Council.
  4556 | D:8      | Found Dieche's Gadget Emporium.
  4562 | D:8      | Bought a condenser vane (2/2) for 320 gold pieces
  4736 | D:9      | Reached skill level 1 in Evocations
  4981 | D:9      | Found a bloodstained altar of Trog.
  5029 | D:9      | Reached skill level 10 in Axes
  5054 | D:9      | Got a jewelled plate armour
  5065 | D:9      | Identified the cursed +0 plate armour of Failure {Regen+
                  | Str+4} (You found it on level 9 of the Dungeon)
  5070 | D:9      | Identified a scroll of acquirement
  5070 | D:9      | Acquired a +4 ring of protection
  5314 | D:10     | Entered Level 10 of the Dungeon
  5360 | D:10     | Found a staircase to the Orcish Mines.
  5367 | D:10     | Reached *** piety under Makhleb
  5997 | D:11     | Noticed Harold
  6005 | D:11     | Noticed Grum
  6036 | D:11     | Killed Harold
  6040 | D:11     | Killed Grum
  6057 | D:11     | Reached XP level 11. HP: 99/99 MP: 2/4
  6127 | D:11     | Noticed a two-headed ogre
  6138 | D:11     | Noticed a white ugly thing
  6141 | D:11     | Noticed Snorg
  6145 | D:11     | Reached **** piety under Makhleb
  6146 | D:11     | Killed a two-headed ogre
  6146 | D:11     | Reached skill level 11 in Axes
  6164 | D:11     | Killed a white ugly thing
  6164 | D:11     | Reached skill level 5 in Evocations
  6168 | D:11     | Killed Snorg
  6897 | Orc:1    | Entered Level 1 of the Orcish Mines
  6933 | Orc:1    | Noticed an orc high priest
  6970 | Orc:1    | Noticed a soul eater
  6982 | Orc:1    | Killed an orc high priest
  6982 | Orc:1    | Reached ***** piety under Makhleb
  7146 | Orc:2    | Entered Level 2 of the Orcish Mines
  7227 | D:12     | Noticed a seven-headed hydra
  7234 | D:12     | Reached skill level 12 in Axes
  7378 | Orc:2    | Noticed an orc high priest
  7388 | Orc:2    | Killed an orc high priest
  7389 | Orc:2    | Noticed an orc warlord
  7391 | Orc:2    | Noticed an orc knight
  7399 | Orc:2    | Noticed an orc knight
  7407 | Orc:1    | Quit the game

Illustrated notes

Levels and vault maps discovered:
D:1:      dpeg_arrival_lava_altar, layout_rooms
D:2:      layout_rooms, chequers_ecumenical_altar_island, uniq_jessica,
          uniq_terence
D:3:      layout_loops_corners, gammafunk_temple_of_torment,
          serial_bayou_crossing
D:4:      layout_layer_cave, temple_hall, gammafunk_ghost_mausoleum,
          minmay_misc_feat_diagonals, nemelex_dance_club_becter
D:5:      layout_layer_cave, basic_altar, fountainhead, corexii_checkpoint_a,
          uniq_blork_the_orc, uniq_prince_ribbit1, uniq_crazy_yiuf_cottage
D:6:      kennysheep_orc_sif_temple, layout_cave_pools, serial_shops, shop,
          elyvilon_altar_3, uniq_edmund, uniq_pikel, uniq_duvessa
D:7:      layout_gridville, xom_redecorated, serial_shops, shop,
          kennysheep_generic_room_9
D:8:      layout_rooms, marbit_many_paths,
          chequers_temple_overflow_statue_of_worship, lair_entry_dummy,
          serial_shops, shop
D:9:      layout_roguey, kennysheep_mini_moat, kennysheep_small_square
D:10:     layout_roguey, david_orc_2
D:11:     layout_long_grid, patterned_corridor, uniq_grum, uniq_snorg,
          uniq_harold
D:12:     layout_cave_pods
Temple:   eino_temple_water
Orc:1:    layout_caves, serial_shops, shop, trog_hazing_becter
Orc:2:    grunt_orc_cross, layout_caves, serial_shops,
          nicolae_shop_behind_doors, nicolae_orc_lava_room

Skill      XL: |  1  2  3  4  5  6  7  8  9 10 11 |
---------------+----------------------------------+-----
Fighting       | 3 4 5 6 7 |  7.7
Axes           | 3 4 5 6 8 9 10 12 | 12.0
Armour         | 4 5 6 7 8 9 |  9.3
Shields        | 4 5 6 7 8 9 |  9.2
Invocations    | 1 3 4 6 8 9 |  9.3
Evocations     | 4 6 |  6.2

Action                   |  1- 3 |  4- 6 |  7- 9 | 10-12 || total
-------------------------+-------+-------+-------+-------++-------
Melee: War axe           |    79 |   147 |   373 |   451 ||  1050
Invok: Lesser Servant of |       |       |       |     2 ||     2
 Abil: Heal Wounds       |     2 |     5 |    26 |    23 ||    56
Evoke: Condenser vane    |       |       |       |     2 ||     2
  Use: Scroll            |       |     3 |     4 |    15 ||    22
Armor: Scale mail        |    49 |    71 |    87 |       ||   207
       Chain mail        |       |       |    62 |    49 ||   111
       Plate armour      |       |       |       |   307 ||   307
Dodge: Dodged            |    32 |    48 |    93 |   154 ||   327
Block: Kite shield       |    64 |    82 |   209 |   375 ||   730

Table legend: (Time is in decaauts)
 A = Elapsed time spent in this place.
 B = Non-inter-level travel time spent in this place.
 C = Inter-level travel time spent in this place.
 D = Time resting spent in this place.
 E = Time spent auto-exploring this place.
 F = Levels seen in this place.
 G = Mean time per level.
                   A        B        C        D        E       F      G
               +--------+--------+--------+--------+--------+-----+--------+
         Total |   7585 |   7021 |    564 |     74 |   4973 |  15 |  505.7 |
       Dungeon |   7132 |   6627 |    505 |     37 |   4789 |  12 |  594.3 |
        Temple |     83 |     67 |     16 |      0 |     55 |   1 |   83.0 |
  Orcish Mines |    369 |    327 |     42 |     37 |    129 |   2 |  184.5 |
               +--------+--------+--------+--------+--------+-----+--------+

Top non-repeatable levels by time:
     D:5: 1249 daAuts
     D:4: 1121 daAuts
    D:10: 853 daAuts
    D:11: 836 daAuts
     D:6: 829 daAuts
     D:9: 672 daAuts
     D:7: 562 daAuts
     D:8: 538 daAuts
   Orc:1: 314 daAuts
     D:1: 193 daAuts
     D:2: 120 daAuts
     D:3: 117 daAuts
  Temple: 83 daAuts
   Orc:2: 55 daAuts
    D:12: 37 daAuts
